 Dungeon Crawl Stone Soup version 0.17-a0-1996-gd2c0ec8 (webtiles) character file.

84 braksdos the Grave Robber (level 4, -3/33 HPs)
             Began as a Formicid Necromancer on Oct 7, 2015.
             Slain by an adder (4 damage)
             ... on level 2 of the Dungeon.
             The game lasted 00:07:27 (2493 turns).

braksdos the Grave Robber (Formicid Necromancer)    Turns: 2493, Time: 00:07:27

Health: -3/33      AC:  3    Str: 13    XL:     4   Next: 74%
Magic:  0/7        EV: 11    Int: 14    God:
Gold:   63         SH:  0    Dex: 12    Spells: 3 memorised, 0 levels left

rFire  . . .     SeeInvis +     a - +0 short sword
rCold  . . .     Clarity  .     s - +0 leather armour (curse)
rNeg   . . .     SustAt   .     (no shield)
rPois  .         Gourm    .     (helmet unavailable)
rElec  .         Spirit   .     (no cloak)
rCorr  .         Warding  .     (no gloves)
rMut   .         Stasis   +     (no boots)
MR     .....                    (no amulet)
Stlth  ++........               (no ring)
                                (no ring)

@: lethally poisoned (-3 -> -9), not resistant to hostile enchantments,
unstealthy
A: permanent stasis, dig shafts and tunnels, four strong arms, antennae 3
a: Dig, Shaft Self


You were on level 2 of the Dungeon.
You were hungry.

You visited 1 branch of the dungeon, and saw 2 of its levels.

You collected 63 gold pieces.

Inventory:

Hand Weapons
 a - a +0 short sword (weapon)
Missiles
 d - 51 stones
 i - 7 tomahawks (quivered)
Armour
 s - a cursed +0 leather armour (worn)
Scrolls
 e - 2 scrolls of identify {unknown}
 f - 2 scrolls of remove curse {unknown}
 h - a scroll of recharging {unknown}
 m - 3 scrolls of fear {unknown}
 q - a scroll of amnesia {unknown}
 r - a scroll of fog {unknown}
Books
 b - a book of Necromancy

   Spells                             Type                      Level
   a - Pain                           Necromancy                   1
   b - Animate Skeleton               Necromancy                   1
   c - Vampiric Draining              Necromancy                   3
   d - Regeneration                   Charms/Necromancy            3
   e - Animate Dead                   Necromancy                   4
   f - Control Undead                 Necromancy                   4
Comestibles
 c - 2 bread rations
 g - a meat ration
 j - 6 chunks of flesh
 l - a beef jerky


   Skills:
 * Level 1.9 Fighting
 - Level 1.7 Dodging
 + Level 4.3 Stealth
 - Level 2.1 Spellcasting
 * Level 4.6 Necromancy


You couldn't memorise any spells.
You knew the following spells:

 Your Spells              Type           Power        Failure   Level  Hunger
a - Pain                  Necr           ##..         6%          1    #......
b - Regeneration          Chrm/Necr      #.........   38%         3    ###....
c - Vampiric Draining     Necr           ##........   14%         3    ###....


Dungeon Overview and Level Annotations

Branches:
Dungeon (2/15)

Altars:

Annotations:
D:2 Robin


Innate Abilities, Weirdness & Mutations

You are under a permanent stasis effect.
You can dig through walls and to a lower floor.
Your four strong arms can wield two-handed weapons with a shield.
You have a pair of large antennae on your head (SInv).


Message History

You feel sick.
Casting: Pain
Confirm with . or Enter, or press ? or * to list all spells.
Aiming: Pain
Press: ? - help, Shift-Dir - straight line, f/p - Robin
Aim: Robin, wielding a mace, wearing an animal skin and wearing a helmet (moderately wounded, chance to defeat MR: 79%)
The adder convulses in agony!
* * * LOW HITPOINT WARNING * * *
You feel sick. The adder barely misses you.
Casting: Pain
Confirm with . or Enter, or press ? or * to list all spells.
You don't have enough magic to cast that spell.
You closely miss the adder.
The adder is severely wounded.
The adder closely misses you. x2
You closely miss the adder.
The adder is severely wounded.
* * * LOW HITPOINT WARNING * * *
You feel sick. The adder bites you.
You die...

#.# #...# #.#
#.### #.# #######
#.# #.# #.....#
#.# #.# #...<.#
#.# ..# #.....#
#)### ### #.....#
#...# ..###..(..##
###.# #.##.......#
#@# #[##<##.##.#
#S# #.##.......#
#b# #.......##.#
#g#
..##.......#####g#
..##.##.....{....#
#..........#######
..........{#
#.#.....##{#


You could see Robin, an adder, a hobgoblin (frenzied) and a bat.

Vanquished Creatures
  Natasha (D:2)
  An adder (D:2)
  2 worms
  5 bats
  5 goblins
  10 hobgoblins
  4 jackals (D:1)
  6 kobolds
  A giant cockroach (D:1)
  3 giant newts
  4 rats (D:1)
42 creatures vanquished.

Notes
Turn   | Place    | Note
--------------------------------------------------------------
     0 | D:1      | braksdos the Formicid Necromancer began the quest for the Orb.
     0 | D:1      | Reached XP level 1. HP: 13/13 MP: 3/3
   447 | D:1      | Reached skill level 1 in Fighting
   447 | D:1      | Reached XP level 2. HP: 19/21 MP: 3/5
  1299 | D:1      | Reached XP level 3. HP: 22/26 MP: 4/6
  1945 | D:2      | Noticed Natasha
  2011 | D:2      | Killed Natasha
  2011 | D:2      | Reached XP level 4. HP: 19/33 MP: 3/7
  2417 | D:2      | Learned a level 3 spell: Regeneration
  2421 | D:2      | Learned a level 3 spell: Vampiric Draining
  2430 | D:2      | Noticed Robin
  2493 | D:2      | HP: 1/33 [poisoned by an adder]
  2493 | D:2      | Slain by an adder

Vault maps used:
D:1:      dpeg_arrival_line_fractal
D:2:      uniq_robin, uniq_natasha

Action                   |  1- 3 |  4- 6 || total
-------------------------+-------+-------++-------
Melee: Unarmed           |     4 |       ||     4
       Short sword       |    38 |    23 ||    61
 Cast: Pain              |    54 |    16 ||    70
  Use: Potion            |       |     5 ||     5
 Stab: Sleeping          |     2 |     2 ||     4
  Eat: Chunk             |     4 |     2 ||     6
